 Dungeon Crawl Stone Soup version 0.22-a0-433-gd2a9cce (webtiles) character file.

3199 Kairos the Carver (level 9, -7/81 HPs)
             Began as a Hill Orc Monk on May 28, 2018.
             Mangled by a two-headed ogre
             ... wielding a +0 giant spiked club
              (15 damage)
             ... on level 9 of the Dungeon.
             The game lasted 00:11:52 (9789 turns).

Kairos the Carver (Hill Orc Monk)                   Turns: 9789, Time: 00:11:52

Health: -7/81      AC: 13    Str: 17    XL:     9   Next: 96%
Magic:  9/9        EV:  8    Int: 10    God:
Gold:   435        SH:  6    Dex: 13    Spells: 8/8 levels left

rFire    . . .     SeeInvis .   C - +9 falchion "Ejeaz" {flame, *Drain +Blink rElec}
rCold    . . .     Gourm    .   p - +2 buckler {AC+3}
rNeg     . . .     Faith    .   z - +0 chain mail
rPois    +         Spirit   .   (no helmet)
rElec    +         Reflect  .   (no cloak)
rCorr    .         Harm     .   (no gloves)
MR       .....                  (no boots)
Stlth    ..........             A - amulet of rage
HPRegen  0.23/turn              k - ring of poison resistance
MPRegen  0.11/turn              r - ring of stealth

@: no status effects
A: no striking features
a: Evoke Blink, Evoke Berserk Rage


You were on level 9 of the Dungeon.
You were not hungry.

You visited 2 branches of the dungeon, and saw 10 of its levels.
You also visited: Ossuary.

You collected 435 gold pieces.

Inventory:

Hand Weapons
 y - a +0 war axe
 C - the +9 falchion "Ejeaz" (weapon) {flame, *Drain +Blink rElec}
   (You found it on level 4 of the Dungeon)

   It has been specially enchanted to burn those struck by it, causing extra
   injury to most foes and up to half again as much damage against particularly
   susceptible opponents.
   Big, fiery blades are also staple armaments of hydra-hunters.
   It insulates you from electricity.
   It lets you blink.
   It causes draining when unequipped.
 G - the +1 whip of Wucesche {pain, MR+ MP-9 Dex+6 SInv}
   (You found it on level 7 of the Dungeon)

   In the hands of one skilled in necromantic magic, it inflicts extra damage on
   living creatures.
   It affects your dexterity (+6).
   It affects your resistance to hostile enchantments.
   It affects your magic capacity (-9).
   It lets you see invisible.
Armour
 p - a +2 buckler of protection (worn)
 z - a +0 chain mail (worn)
Jewellery
 k - a ring of poison resistance (left hand)
 r - a ring of stealth (right hand)
 A - an amulet of rage (around neck)
 L - an uncursed ring of ice {unknown}
Wands
 o - a wand of polymorph (19)
 E - a wand of clouds (4)
 I - a wand of enslavement (12)
 K - a wand of iceblast (6)
Scrolls
 b - 2 scrolls of identify
 h - 2 scrolls of fog
 i - 3 scrolls of enchant armour
 j - 7 scrolls of remove curse
 l - 3 scrolls of enchant weapon {unknown}
 t - a scroll of blinking
 u - a scroll of fear {unknown}
 B - 5 scrolls of teleportation {unknown}
 D - 2 scrolls of immolation {unknown}
 F - a scroll of brand weapon {unknown}
 H - 2 scrolls of magic mapping
 J - a scroll of amnesia {unknown}
Potions
 a - 2 potions of mutation {unknown}
 d - 3 potions of brilliance {unknown}
 e - a potion of haste {unknown}
 f - 3 potions of berserk rage {unknown}
 g - 9 potions of curing {unknown}
 m - a potion of magic {unknown}
 n - 3 potions of flight {unknown}
 q - 2 potions of heal wounds {unknown}
 s - a potion of cancellation {unknown}
 v - 4 potions of might {unknown}
 w - 2 potions of invisibility
 x - 4 potions of agility {unknown}
Comestibles
 c - 16 rations


   Skills:
 + Level 7.8 Fighting
 + Level 9.4 Long Blades
 + Level 7.4 Axes
 + Level 6.2 Armour
 + Level 3.6 Dodging
 + Level 2.1 Stealth
 + Level 1.5 Shields
 + Level 1.3 Evocations


You had 8 spell levels left.
You didn't know any spells.
Your spell library contained the following spells:

 Spells                   Type           Power        Failure   Level  Hunger
 Summon Small Mammal      Summ           #...         100%        1    ##.....
 Summon Ice Beast         Ice/Summ       #.......     100%        4    #####..
 Call Imp                 Summ           #.......     100%        2    ###....
 Call Canine Familiar     Summ           #.......     100%        3    ####...
 Summon Lightning Spire   Summ/Air       #.......     100%        4    #####..
 Summon Guardian Golem    Hex/Summ       #.......     100%        3    ####...


Dungeon Overview and Level Annotations

Branches:
Dungeon (9/15)             Temple (1/1) D:7            Lair (0/6) D:9
    Orc: D:9-12

Altars:
Ashenzari
Cheibriados
Dithmenos
Elyvilon
Fedhas
Gozag
Hepliaklqana
Kikubaaqudgha
Makhleb
Okawaru
Qazlal
Ru
Sif Muna
Trog
Uskayaw
Vehumet
Wu Jian
Xom
Yredelemnul
Zin
The Shining One

Shops:
D:4 ?   D:6 :

Annotations:
D:4 galech's ghost, amateur OgBe
D:8 Joseph


Message History

The two-headed ogre is moderately wounded.
You block the two-headed ogre's attack. x2
You slash the two-headed ogre! You burn the two-headed ogre.
The two-headed ogre is heavily wounded.
The two-headed ogre hits you with a giant spiked club!!
The two-headed ogre hits you with a giant club!!
Your shield and chain mail prevent you from hitting the two-headed ogre.
The two-headed ogre is heavily wounded.
Your chain mail prevents you from hitting the two-headed ogre.
The two-headed ogre is heavily wounded.
The two-headed ogre hits you with a giant spiked club!
* * * LOW HITPOINT WARNING * * *
The two-headed ogre barely misses you.
Unknown command.
You hit the two-headed ogre. You burn the two-headed ogre.
The two-headed ogre is severely wounded.
The two-headed ogre hits you with a giant spiked club!
* * * LOW HITPOINT WARNING * * *
The two-headed ogre hits you with a giant club!
You die...

................###..#
................# #..#
.....(..........###..#
).....................
........#'############
........#.............
........#.............
..########.#....>........
........@O.'............#
...........#######......#
.########### #......#
#....... #.......
#....... ####'###
#######......#
#.............


You could see a two-headed ogre.

Vanquished Creatures
  A hornet (D:8)
  Prince Ribbit (D:8)
  A spriggan (D:7)
  Eustachio (D:5)
  Edmund (D:6)
  3 sky beasts
  An ice beast (D:8)
  A black bear (D:6)
  A centaur (D:6)
  A big kobold (D:9)
  3 bullfrogs
  4 water moccasin zombies (Ossuary)
  3 killer bees (D:9)
  A howler monkey (D:9)
  7 wights (D:8)
  An electric eel (D:8)
  A centaur zombie (D:8)
  A crimson imp (D:6)
  2 quasits
  3 jellies
  2 orc priests
  2 hounds
  Jessica (D:2)
  3 iguanas
  2 orc wizards (D:7)
  4 worker ants
  A big kobold zombie (Ossuary)
  A hound skeleton (D:4)
  2 mummies (Ossuary)
  6 adders
  A shadow imp (D:7)
  An adder skeleton (D:5)
  7 adder zombies (Ossuary)
  4 worms
  3 dart slugs
  10 leopard geckos
  17 orcs
  4 bats (D:1)
  11 giant cockroaches
  7 goblins
  10 hobgoblins
  7 jackals
  13 kobolds
  3 quokkas
  4 frilled lizards
  A giant cockroach zombie (D:6)
  4 gnoll zombies (Ossuary)
  5 hobgoblin zombies (Ossuary)
  4 kobold zombies (Ossuary)
  6 rats
184 creatures vanquished.

Notes
Turn   | Place    | Note
-------+----------+-------------------------------------------
     0 | D:1      | Kairos the Hill Orc Monk began the quest for the Orb.
     0 | D:1      | Reached XP level 1. HP: 19/19 MP: 1/1
    54 | D:1      | Reached XP level 2. HP: 24/27 MP: 2/2
   643 | D:2      | Reached XP level 3. HP: 16/33 MP: 3/3
  1380 | D:2      | Noticed a hand axe
  1382 | D:2      | Noticed a hand axe
  1595 | D:2      | Noticed Jessica
  1602 | D:2      | Killed Jessica
  1602 | D:2      | Reached skill level 5 in Axes
  1602 | D:2      | Reached XP level 4. HP: 39/40 MP: 4/4
  1754 | D:2      | Found a hide-covered altar of Uskayaw.
  2036 | D:3      | Reached skill level 1 in Armour
  2509 | D:3      | Reached XP level 5. HP: 43/46 MP: 5/5
  2570 | D:3      | HP: 2/47 [worker ant (1)]
  3213 | D:4      | Noticed galech's ghost (amateur OgBe)
  4189 | D:4      | Found a shadowy altar of Dithmenos.
  4261 | D:4      | Got a bloodstained falchion
  4263 | D:4      | Identified the +9 falchion "Ejeaz" {flame, *Drain +Blink rElec} (You found it on level 4 of the Dungeon)
  4481 | D:4      | Reached XP level 6. HP: 53/53 MP: 6/6
  4557 | D:4      | Found Qygrat's Magic Scroll Shoppe.
  4836 | D:5      | Entered Level 5 of the Dungeon
  4924 | D:5      | Noticed Eustachio
  4931 | D:5      | Killed Eustachio
  4963 | D:5      | Reached skill level 5 in Fighting
  4974 | D:5      | Reached skill level 1 in Long Blades
  4974 | D:5      | Reached XP level 7. HP: 42/61 MP: 7/7
  4980 | D:5      | Found a sand-covered staircase.
  5087 | Ossuary  | Entered an ossuary
  5141 | Ossuary  | Reached skill level 2 in Long Blades
  5363 | Ossuary  | Reached skill level 3 in Long Blades
  5534 | D:5      | Reached skill level 4 in Long Blades
  6099 | D:6      | Reached skill level 5 in Long Blades
  6099 | D:6      | Reached XP level 8. HP: 69/69 MP: 8/8
  6157 | D:6      | Found Huopreb's Book Shoppe.
  6229 | D:6      | Found a snail-covered altar of Cheibriados.
  6327 | D:6      | Noticed Edmund
  6334 | D:6      | Killed Edmund
  6391 | D:6      | Reached skill level 6 in Long Blades
  6888 | D:6      | Reached skill level 1 in Evocations
  7342 | D:7      | Found a staircase to the Ecumenical Temple.
  7371 | Temple   | Entered the Ecumenical Temple
  7747 | D:7      | Got an ichor-stained whip
  7748 | D:7      | Identified the +1 whip of Wucesche {pain, MR+ MP-9 Dex+6 SInv} (You found it on level 7 of the Dungeon)
  7776 | D:7      | Reached skill level 7 in Long Blades
  7864 | D:7      | Noticed a spriggan baker
  7867 | D:7      | Killed a spriggan baker
  7867 | D:7      | Reached XP level 9. HP: 68/78 MP: 9/9
  7944 | D:7      | Reached skill level 8 in Long Blades
  8137 | D:8      | Found a blossoming altar of Fedhas.
  8291 | D:8      | Noticed a hornet
  8301 | D:8      | Killed a hornet
  8752 | D:8      | Noticed Prince Ribbit
  8888 | D:8      | Reached skill level 9 in Long Blades
  8895 | D:8      | Found a stormy altar of Qazlal.
  8899 | D:8      | Noticed Joseph
  8905 | D:8      | Killed Prince Ribbit
  8905 | D:8      | Reached skill level 5 in Armour
  9350 | D:8      | Found a basalt altar of Yredelemnul.
  9392 | D:8      | Reached skill level 1 in Shields
  9486 | D:8      | Found an iron altar of Okawaru.
  9722 | D:9      | Found a staircase to the Lair.
  9781 | D:9      | Noticed a two-headed ogre
  9789 | D:9      | Mangled by a two-headed ogre

Vault maps used:
D:1:      sevenhm_arrival_forest_fort_small_4
D:2:      kb_forest_paths, dancing_weapons_uskayaw, uniq_jessica
D:3:      corexii_shack_village
D:4:      lemuel_crystal_altar, serial_shops, nicolae_shop_trees
D:5:      nicolae_ossuary_entry_ruins, first_ration, uniq_eustachio
D:6:      cheibrodos_worm_habitat, gup_sewer_entry_pipe, serial_shops,
          nicolae_shop_trees, uniq_edmund
D:7:      minmay_temple_entry_junction, the_bakery
D:8:      kennysheep_mini_moat, grunt_temple_overflow_open,
          nicolae_overflow_hidden_temple, fungi_pond_lemuel, uniq_joseph,
          uniq_prince_ribbit1
D:9:      nemelex_xobeh_ov_fountains_minmay, lair_entry_dummy
Temple:   minmay_temple_curvy_branch
Ossuary:  ossuary_tomb_2

Skill      XL: |  1  2  3  4  5  6  7  8  9 |
---------------+----------------------------+-----
Fighting       | 4 5 6 7 |  7.8
Dodging        | 3 |  3.6
Axes           | 5 6 7 |  7.4
Armour         | 1 2 3 4 6 |  6.2
Stealth        | 2 |  2.1
Long Blades    | 1 5 7 9 |  9.4
Evocations     | 1 |  1.3
Shields        | 1 |  1.5

Action                   |  1- 3 |  4- 6 |  7- 9 || total
-------------------------+-------+-------+-------++-------
Melee: Hand axe          |    92 |   126 |       ||   218
       War axe           |       |    63 |       ||    63
       Falchion          |       |    13 |   295 ||   308
 Abil: Evoke Berserk Rag |       |       |     1 ||     1
  Use: Scroll            |       |     5 |     1 ||     6
 Stab: Sleeping          |     3 |     3 |       ||     6
       Distracted        |       |     1 |       ||     1
  Eat: Chunk             |     1 |     8 |     4 ||    13
       Ration            |       |     1 |     5 ||     6
Armor: Robe              |    13 |       |       ||    13
       Ring mail         |     6 |       |       ||     6
       Scale mail        |    13 |    34 |       ||    47
       Chain mail        |       |    37 |   138 ||   175
Dodge: Dodged            |    61 |    78 |   124 ||   263
Block: Buckler           |       |       |    35 ||    35
       Rpst.: Falchion   |       |     2 |    28 ||    30

Table legend:
 A = Spawn XP
 B = Non-spawn XP
 C = Spawn XP percentage of total XP
 D = Spawn monster count
 E = Non-spawn monster count
 F = Spawn count percentage of total count
 G = Total turns spent on level
                    A         B        C        D         E        F      G
               +---------+---------+-------+---------+---------+-------+---------
         Total |       0 |    4571 |   0.0 |       0 |     184 |   0.0 |  9789
               +---------+---------+-------+---------+---------+-------+---------
           D:1 |       0 |      25 |   0.0 |       0 |      14 |   0.0 |   605
           D:2 |       0 |      83 |   0.0 |       0 |      10 |   0.0 |  1360
           D:3 |       0 |     180 |   0.0 |       0 |      40 |   0.0 |  1936
           D:4 |       0 |      66 |   0.0 |       0 |       5 |   0.0 |   935
           D:5 |       0 |     339 |   0.0 |       0 |       9 |   0.0 |   880
           D:6 |       0 |     880 |   0.0 |       0 |      27 |   0.0 |  1250
           D:7 |       0 |     650 |   0.0 |       0 |      18 |   0.0 |  1345
           D:8 |       0 |    1370 |   0.0 |       0 |      17 |   0.0 |   664
           D:9 |       0 |     542 |   0.0 |       0 |      17 |   0.0 |   219
       Ossuary |       0 |     436 |   0.0 |       0 |      27 |   0.0 |   364
               +---------+---------+-------+---------+---------+-------+---------
